 Dungeon Crawl Stone Soup version 0.31-a0-455-g1a7b003ef0 (webtiles) character file.

Game seed: 6944321492574738020

6867 kae the Mimic (level 10, -3/91 HPs)
             Began as a White Draconian Shapeshifter on Aug 3, 2023.
             Was an Initiate of Ru.
             Killed from afar by Erica (8 damage)
             ... with an iceblast
             ... on level 9 of the Dungeon.
             The game lasted 00:07:29 (9207 turns).

kae the Mimic (White Draconian Shapeshifter)        Turns: 9207, Time: 00:07:29

Health: -3/91      AC:  7    Str: 17    XL:     10   Next: 78%
Magic:  10/10      EV: 13    Int:  9    God:    Ru [......]
Gold:   342        SH:  0    Dex: 16    Spells: 9/9 levels left

rFire   . . .        l - +7 Throatcutter {drain, coup de grace}
rCold   + . .        (no shield)
rNeg    . . .        (body armour unavailable)
rPois   .            (helmet currently unavailable)
rElec   .            (cloak currently unavailable)
rCorr   .            (gloves currently unavailable)
SInv    .            (boots currently unavailable)
Will    .....        A - amulet of the acrobat Stlth
                     L - ring of flight
HPRegen 0.35/turn    (no ring)
MPRegen 0.12/turn

%: acrobat
@: lethally poisoned (-3 -> -4), beast-form, flying, slowed, very slow
A: beast (slay +7), breathe frost, AC +7, unfitting armour, cold resistance 1,
cold-blooded, no stealth
a: Breathe Frost, Begin Untransformation, Renounce Religion


You were on level 9 of the Dungeon.
You worshipped Ru.
Ru was noncommittal.
You were a hulking beast.
You visited 2 branches of the dungeon, and saw 10 of its levels.

You collected 441 gold pieces.
You spent 99 gold pieces at shops.


Innate Abilities, Weirdness & Mutations

You are a hulking beast.
Your limbs bulge with bestial killing power. (Slay +7)
You can breathe waves of freezing cold which knock back foes.
Your icy white scales are hard. (AC +7)
You cannot fit into any form of body armour.
Your flesh is cold resistant. (rC+)
You are cold-blooded and may be slowed by cold attacks.
You cannot be stealthy.


   Skills:
 + Level 9.0 Fighting
 - Level 3.0 Dodging
 + Level 8.8 Unarmed Combat
 * Level 10.3 Shapeshifting


You had 9 spell levels left.
You didn't know any spells.
Your spell library contained the following spells:

 Spells                   Type           Power      Damage    Failure   Level
 Foxfire                  Conj/Fire      0%         2x1d4     38%         1
 Hailstorm                Conj/Ice       0%         3d3       77%         3
 Summon Ice Beast         Ice/Summ       0%         N/A       99%         4
 Plasma Beam              Fire/Air       0%         2x1d10    100%        6
 Simulacrum               Ice/Necr       0%         N/A       100%        6
 Starburst                Conj/Fire      0%         6d3       100%        6

Inventory:

Hand Weapons
 c - a +1 dagger of venom
   (You took it off a kobold on level 1 of the Dungeon)
 l - the +7 Throatcutter (weapon) {drain, coup de grace}
   (You found it on level 5 of the Dungeon)
Missiles
 d - 3 boomerangs
 e - 90 stones
 h - 3 atropa-tipped darts
 j - 12 curare-tipped darts {=f}
 r - 35 poisoned darts
 t - a throwing net {=f!f}
Jewellery
 A - an amulet of the acrobat (around neck)
   (You found it on level 3 of the Dungeon)
 L - a ring of flight (left hand)
   (You found it on level 2 of the Dungeon)
Talismans
 b - a beast talisman (active)
Wands
 i - a wand of charming (15)
   (You found it on level 5 of the Dungeon)
 p - a wand of flame (27)
   (You took it off Natasha on level 3 of the Dungeon)
 w - a wand of mindburst (7)
   (You found it on level 6 of the Dungeon)
 z - a wand of digging (3)
   (You found it on level 7 of the Dungeon)
Scrolls
 f - 2 scrolls of teleportation {@r4}
 n - a scroll of blinking {!r}
 v - a scroll of poison {!r}
 x - a scroll of identify {@r1}
 y - a scroll of enchant armour
Potions
 a - 3 potions of lignification {!q}
 g - 5 potions of enlightenment
 k - 2 potions of attraction {!q}
 m - a potion of degeneration {!q}
 o - a potion of curing {@q1}
 q - 2 potions of resistance
 s - 2 potions of berserk rage {!q}
 u - a potion of magic

Dungeon Overview and Level Annotations

Branches:
Dungeon (9/15) Zot: 26956  Temple (1/1) D:6 Zot: 5895
   Lair: D:8-11         Orc: D:9-12

Altars:
Ashenzari
Cheibriados
Elyvilon
Gozag
Hepliaklqana
Kikubaaqudgha
Makhleb
Nemelex Xobeh
Okawaru
Qazlal
Ru
Sif Muna
Trog
Uskayaw
Vehumet
Wu Jian
Xom
Yredelemnul
The Shining One

Shops:
D:3 (!(

Annotations:
D:8 4 transporters
D:9 Erica

..# ..## ... #..
..##..#######
.....)......# ###
..........#.# #..
.$##..###.#.######.#
#. #...{†h.##.# #
#....##.##.#
.......#.##.##.#####..
>##......##..<.......#
###.#.######.#######
#.#.# #.# #.#.# #.#
#.#.# #.# #. #.#


There were no monsters in sight!


Message History

Partly explored, unvisited transporter.
As you read the scroll of identify {@r1}, it crumbles to dust.
y - a scroll of enchant armour
Okay, then.
Okay, then.
Okay, then.
Unknown command.
(D) Dungeon (T) Temple
Where to? (Enter - D:8, ? - help)
There is a stone staircase leading down here.
You fly downwards.
You hear the roar of battle.
There is an entrance to a bailey on this level.
Hurry and find it before the portal closes forever!
There is a stone staircase leading up here.
Unknown command.
Okay, then.
Okay, then.
Unknown command.
There is a stone staircase leading up here.
There is a stone staircase leading up here.
A troll comes into view.
The troll shouts!
You slash the troll! You drain the troll. Your punch misses the troll.
The troll closely misses you. The troll claws you but does no damage.
The troll misses you.
You barely miss the troll. You tail-slap the troll. The troll bites you.
The troll claws you. The troll closely misses you. 😕 HP[-4]
You take 4 damage, and now have 85/89 hp.
You slash the troll! You drain the troll.
Your tail-slap misses the troll.
The troll bites you! The troll claws you. The troll closely misses you. x2
The troll claws you but does no damage. The troll closely misses you.
You hit the troll.
You behead the troll!
You kill the troll!
Your life force feels restored.
Your Fighting skill increases to level 9! 😕 HP[-9]
You now have 91 max hp (+2).
You take 9 damage, and now have 76/91 hp.
No target in view!
No target in view!
Unknown command.
Okay, then.
Found an escape hatch in the floor. 😕 HP[+1]
A hornet comes into view. 😕 HP[+1] Erica the Fiery-Tempered comes into view.
She is wielding a +2 scimitar of flaming, wearing a +2 robe of willpower and carrying a wand of iceblast.
Erica shouts!
The hornet buzzes angrily.
You hear a howl!
Erica mumbles some strange words.
Erica flickers and vanishes!
Deactivating autopickup; reactivate with Ctrl-A.
You hear a shout! 😕 HP[+1] 😕 HP[+1]
You hit the hornet. You tail-slap the hornet. The hornet stings you.
You feel yourself slow down. The hornet stings you!
You suddenly lose the ability to move!
The hornet stings you!
You are poisoned.
You feel as though you will be slow longer.
You can move again.
You are too injured to fight recklessly! 😮 HP[-28]
You take 28 damage, and now have 52/91 hp.
MASSIVE DAMAGE!! (PAUSE)
You barely miss the hornet.
You feel very sick. The hornet stings you!
* * * LOW HITPOINT WARNING * * *
You feel as though you will be slow longer.
The hornet stings you but does no damage.
The hornet barely misses you. 😨 HP[-16]
You take 16 damage, and now have 36/91 hp.
Unknown command.
You hit the hornet but do no damage.
You feel very sick.
The hornet stings you but does no damage.
The hornet misses you. The hornet stings you!
* * * LOW HITPOINT WARNING * * *
You feel as though you will be slow longer. 😱 HP[-15]
You take 15 damage, and now have 21/91 hp.
Unknown command.
You slash the hornet! You tail-slap the hornet!
You feel sick. The hornet stings you!
* * * LOW HITPOINT WARNING * * *
You feel as though you will be slow longer.
The hornet closely misses you. The hornet barely misses you. 😱 HP[-15]
You take 15 damage, and now have 6/91 hp.
Unknown command.
You hit the hornet. You drain the hornet.
You behead the hornet!
You kill the hornet!
You feel sick.
You hear a zap.
An iceblast appears from out of thin air!
The mass of ice explodes!
The iceblast engulfs you! You partially resist.
You die...

Skill      XL: |  1  2  3  4  5  6  7  8  9 10 |
---------------+-------------------------------+-----
Dodging        | 2 3 |  3.0
Fighting       | 2 3 4 6 7 9 |  9.0
Shapeshifting  | 4 5 6 7 9 10 | 10.3
Unarmed Combat | 4 5 6 7 8 |  8.8

Action                     |  1- 3 |  4- 6 |  7- 9 | 10-12 || total
---------------------------+-------+-------+-------+-------++-------
  Melee: Unarmed           |    10 |       |   172 |       ||   182
         Tailslap          |    13 |    17 |    40 |    12 ||    82
         Dagger            |    65 |   117 |    47 |       ||   229
         Punch             |     1 |     6 |    16 |     4 ||    27
         Long sword        |       |       |    79 |   111 ||   190
 Invoke: Sacrifice Stealth |       |       |       |     1 ||     1
Ability: Breathe Frost     |       |       |     8 |       ||     8
  Evoke: Wand              |       |       |     1 |       ||     1
    Use: Scroll            |       |       |    10 |     3 ||    13
         Potion            |       |       |     3 |       ||     3
   Stab: Sleeping          |     2 |     1 |     2 |     1 ||     6
         Distracted        |       |     1 |       |       ||     1
 Armour: Skin              |    17 |    35 |    69 |    36 ||   157
  Dodge: Dodged            |    45 |    80 |   223 |   114 ||   462

Levels and vault maps discovered:
D:1:      wander_arrival_lonely_grave, layout_basic, nrook_loot_triangle
D:2:      layout_rooms, serial_curves, eino_curves_04, eino_curves_02,
          kennysheep_crisscross
D:3:      layout_basic, shapermc_ecumenical_altar_gd, serial_shops, shop,
          shop_fountains, nicolae_diamond_shop, corexii_corridor_pit,
          reono_crystal_passage, grunt_ministairs_14, minivault_14,
          uniq_natasha, uniq_terence, uniq_sigmund, uniq_robin
D:4:      layout_rooms
D:5:      layout_loops_corners, chei_slow_surprise,
          dilly_guarded_unrand_throatcut, uniq_eustachio, uniq_menkaure
D:6:      layout_basic, minmay_temple_entry_fiery, nicolae_half_adder,
          uniq_pikel
D:7:      layout_loops_ring
D:8:      cheibrodos_elevator_heist, layout_basic, nicolae_transporter_circle
D:9:      layout_loops_ring, fedhas_ov_isle_minmay, enter_bailey_6, uniq_erica,
          uniq_amaemon
Temple:   dpeg_five_rooms_temple

Notes
Turn   | Place    | Note
-------+----------+-------------------------------------------
     0 | D:1      | kae the Draconian Shapeshifter began the quest for the Orb.
     0 | D:1      | Reached XP level 1. HP: 16/16 MP: 1/1
     0 | D:1      | magus.rc [v1.11.3]
   122 | D:1      | Reached XP level 2. HP: 23/23 MP: 2/2
   202 | D:1      | Reached skill level 2 in Dodging
   648 | D:1      | Reached XP level 3. HP: 22/29 MP: 3/3
  1370 | D:2      | Reached skill level 2 in Fighting
  1416 | D:2      | Reached XP level 4. HP: 24/36 MP: 4/4
  1694 | D:3      | Noticed Natasha
  1702 | D:3      | Killed Natasha
  1758 | D:3      | Noticed Robin
  1844 | D:3      | Noticed a phantom
  1862 | D:3      | Killed a phantom
  1863 | D:3      | Reached skill level 4 in Shapeshifting
  1863 | D:3      | Reached XP level 5. HP: 35/42 MP: 5/5
  1924 | D:3      | Noticed an ice beast
  1949 | D:3      | Killed an ice beast
  1950 | D:3      | Reached skill level 3 in Fighting
  1950 | D:3      | Reached skill level 3 in Dodging
  1950 | D:3      | Reached skill level 4 in Unarmed Combat
  1950 | D:3      | Reached XP level 6. HP: 22/51 MP: 6/6
  2238 | D:3      | Killed Robin
  2337 | D:3      | Found Diuwude's Distillery.
  2354 | D:3      | Bought a potion of curing for 33 gold pieces
  2354 | D:3      | Bought a potion of heal wounds for 55 gold pieces
  2354 | D:3      | Bought a potion of degeneration for 11 gold pieces
  2361 | D:3      | Noticed Sigmund
  2380 | D:3      | Killed Sigmund
  2395 | D:3      | Noticed Natasha
  2397 | D:3      | Killed Natasha
  2398 | D:3      | Reached skill level 5 in Shapeshifting
  2564 | D:3      | Found a faded altar of an unknown god.
  2652 | D:3      | Found Noulyac's Weapon Shop.
  2738 | D:3      | Found Ananumite's Antique Weapon Shoppe.
  2840 | D:3      | Your scales start taking on an icy white colour.
  2840 | D:3      | Reached XP level 7. HP: 43/58 MP: 7/7
  2840 | D:3      | Gained mutation: Your flesh is cold resistant. (rC+) [White
                  | Draconian growth]
  3015 | D:3      | Noticed Terence
  3018 | D:3      | Noticed Natasha
  3046 | D:2      | Killed Terence
  3077 | D:3      | Killed Natasha
  3457 | D:4      | Reached skill level 4 in Fighting
  3610 | D:4      | Reached skill level 5 in Unarmed Combat
  3733 | D:4      | Reached skill level 6 in Shapeshifting
  3854 | D:4      | Reached XP level 8. HP: 52/67 MP: 8/8
  4054 | D:4      | HP: 9/67 [poisoned by you (poison gas)]
  4194 | D:5      | Entered Level 5 of the Dungeon
  4210 | D:5      | Reached skill level 5 in Fighting
  4267 | D:5      | Noticed Eustachio
  4300 | D:5      | Killed Eustachio
  4692 | D:5      | Noticed Menkaure
  4700 | D:5      | Killed Menkaure
  4701 | D:5      | Reached skill level 6 in Unarmed Combat
  4701 | D:5      | Reached skill level 7 in Shapeshifting
  5208 | D:5      | Reached skill level 6 in Fighting
  5417 | D:5      | Found a snail-covered altar of Cheibriados.
  5562 | D:5      | Found the +7 Throatcutter {drain, coup de grace}
  5576 | D:5      | Reached XP level 9. HP: 39/75 MP: 9/9
  5891 | D:6      | Reached skill level 8 in Shapeshifting
  6129 | D:6      | Noticed Pikel
  6137 | D:6      | Killed Pikel
  6138 | D:6      | Reached skill level 7 in Fighting
  6138 | D:6      | Reached skill level 7 in Unarmed Combat
  6615 | D:6      | Reached skill level 9 in Shapeshifting
  7011 | D:6      | Found a staircase to the Ecumenical Temple.
  7017 | Temple   | Entered the Ecumenical Temple
  7070 | Temple   | Became a worshipper of Ru the Awakened
  7164 | D:7      | Reached XP level 10. HP: 88/88 MP: 10/10
  7373 | D:7      | Reached skill level 8 in Fighting
  7491 | D:7      | Reached skill level 8 in Unarmed Combat
  8271 | D:8      | You pick up a book of Fire and begin reading...
  8271 | D:8      | You add the spells Foxfire, Plasma Beam and Starburst to
                  | your library.
  8334 | D:8      | Gained mutation: You cannot be stealthy. [Ru sacrifice]
  8385 | D:8      | Found a transporter.
  8391 | D:8      | Found a transporter.
  8596 | D:8      | Reached skill level 10 in Shapeshifting
  8924 | D:8      | Found a transporter.
  8991 | D:8      | Found a transporter.
  9019 | D:8      | You pick up a book of the Tundra and begin reading...
  9019 | D:8      | You add the spells Hailstorm, Summon Ice Beast and
                  | Simulacrum to your library.
  9191 | D:9      | Reached skill level 9 in Fighting
  9195 | D:9      | Noticed Erica
  9203 | D:9      | Paralysed by a hornet for 1 turns
  9205 | D:9      | HP: 21/91 [hornet (11)]
  9206 | D:9      | HP: 6/91 [hornet (14)]
  9207 | D:9      | Killed from afar by Erica

Vanquished Creatures
  Pikel (D:6)
  A troll (D:9)
  A hornet (D:9)
  Sigmund (D:3)
  6 yaks (D:8)
  Eustachio (D:5)
  Menkaure (D:5)
  4 water moccasins
  A sky beast (D:7)
  5 ice beasts
  A black bear (D:4)
  2 ogres (D:7)
  A lemure (D:6)
  2 phantoms
  9 kobold brigands
  2 bullfrogs (D:7)
  A gnoll sergeant (D:6)
  5 scorpions
  20 wights
  4 killer bees (D:8)
  A howler monkey (D:8)
  6 hounds
  6 orc priests
  2 jellies
  A gnoll bouda (D:7)
  A sleepcap (D:4)
  3 iguanas
  Terence (D:2)
  Natasha (thrice) (D:3)
  6 orc wizards
  Robin (D:3)
  12 gnolls
  13 adders
  2 white imps
  2 ufetubi (D:5)
  3 worms
  3 dart slugs
  24 orcs
  4 bats
  5 endoplasms
  3 giant cockroaches
  14 goblins
  12 hobgoblins
  10 kobolds
  4 quokkas
  11 ball pythons
  2 frilled lizards
  2 rats
226 creatures vanquished.

Table legend:
 A = Non-vault XP
 B = Vault XP
 C = Vault XP percentage of total XP
 D = Non-vault monster count
 E = Vault monster count
 F = Vault count percentage of total count
                 A         B        C        D         E       F
            +---------+---------+-------+---------+---------+-------
      Total |    7887 |    2215 |  21.9 |     189 |      36 |  16.0
            +---------+---------+-------+---------+---------+-------
        D:1 |      69 |       0 |   0.0 |      23 |       0 |   0.0
        D:2 |      45 |      46 |  50.5 |      18 |       6 |  25.0
        D:3 |     414 |     281 |  40.4 |      20 |      12 |  37.5
        D:4 |     702 |       0 |   0.0 |      24 |       0 |   0.0
        D:5 |     739 |    1156 |  61.0 |      15 |      10 |  40.0
        D:6 |    1333 |     732 |  35.4 |      29 |       8 |  21.6
        D:7 |    1669 |       0 |   0.0 |      32 |       0 |   0.0
        D:8 |    2312 |       0 |   0.0 |      26 |       0 |   0.0
        D:9 |     604 |       0 |   0.0 |       2 |       0 |   0.0
            +---------+---------+-------+---------+---------+-------

Skill      XL: |  1  2  3  4  5  6  7  8  9 10 |
---------------+-------------------------------+-----
Dodging        | 2 3 |  3.0
Fighting       | 2 3 4 6 7 9 |  9.0
Shapeshifting  | 4 5 6 7 9 10 | 10.3
Unarmed Combat | 4 5 6 7 8 |  8.8

Action                     |  1- 3 |  4- 6 |  7- 9 | 10-12 || total
---------------------------+-------+-------+-------+-------++-------
  Melee: Unarmed           |    10 |       |   172 |       ||   182
         Tailslap          |    13 |    17 |    40 |    12 ||    82
         Dagger            |    65 |   117 |    47 |       ||   229
         Punch             |     1 |     6 |    16 |     4 ||    27
         Long sword        |       |       |    79 |   111 ||   190
 Invoke: Sacrifice Stealth |       |       |       |     1 ||     1
Ability: Breathe Frost     |       |       |     8 |       ||     8
  Evoke: Wand              |       |       |     1 |       ||     1
    Use: Scroll            |       |       |    10 |     3 ||    13
         Potion            |       |       |     3 |       ||     3
   Stab: Sleeping          |     2 |     1 |     2 |     1 ||     6
         Distracted        |       |     1 |       |       ||     1
 Armour: Skin              |    17 |    35 |    69 |    36 ||   157
  Dodge: Dodged            |    45 |    80 |   223 |   114 ||   462

Illustrated notes

Table legend:
 A = Kills in this place as a percentage of kills in the entire game.
 B = Kills by you in this place as a percentage of kills by you in the entire game.
 C = Kills by friends in this place as a percentage of kills by friends in the entire game.
 D = Other kills in this place as a percentage of other kills in the entire game.
 E = Experience gained in this place as a percentage of experience gained in the entire game.
 F = Experience gained in this place divided by the number of levels of this place that you have seen.
                   A       B       C       D       E      F
               +-------+-------+-------+-------+-------+----------------------
         Total | 100.0 | 100.0 |   N/A |   N/A | 100.0 | 1010.2
       Dungeon | 100.0 | 100.0 |   N/A |   N/A | 100.0 | 1122.4
               +-------+-------+-------+-------+-------+----------------------

Table legend: (Time is in decaauts)
 A = Elapsed time spent in this place.
 B = Non-inter-level travel time spent in this place.
 C = Inter-level travel time spent in this place.
 D = Time resting spent in this place.
 E = Time spent auto-exploring this place.
 F = Levels seen in this place.
 G = Mean time per level.
                   A        B        C        D        E       F      G
               +--------+--------+--------+--------+--------+-----+--------+
         Total |   9270 |   8866 |    404 |    936 |   6531 |  10 |  927.0 |
       Dungeon |   9166 |   8866 |    300 |    936 |   6531 |   9 | 1018.4 |
        Temple |    104 |      1 |    103 |      0 |      0 |   1 |  104.0 |
               +--------+--------+--------+--------+--------+-----+--------+

Top non-repeatable levels by time:
     D:5: 1662 daAuts
     D:3: 1488 daAuts
     D:6: 1220 daAuts
     D:1: 1136 daAuts
     D:7: 1068 daAuts
     D:8: 983 daAuts
     D:2: 816 daAuts
     D:4: 748 daAuts
  Temple: 104 daAuts
     D:9: 41 daAuts
